 Dungeon Crawl Stone Soup version 0.27-a0-1248-g57ac2eb73c (webtiles) character file.

Game seed: 18120584416122527539

2 DasRunzen the Ducker (level 1, 0/17 HPs)
             Began as a Demigod Gladiator on June 10, 2021.
             Slain by a quokka (4 damage)
             ... on level 1 of the Dungeon.
             The game lasted 00:00:10 (45 turns).

DasRunzen the Ducker (Demigod Gladiator)              Turns: 45, Time: 00:00:10

Health: 0/17       AC:  4    Str: 15    XL:     1   Next: 20%
Magic:  3/3        EV: 12    Int: 10    God:
Gold:   0          SH:  0    Dex: 15    Spells: 0/0 levels left

rFire    . . .     SeeInvis .   a - +0 long sword
rCold    . . .     Faith    .   (no shield)
rNeg     . . .     Spirit   .   b - +0 leather armour
rPois    .         Reflect  .   c - +0 helmet
rElec    .         Harm     .   (no cloak)
rCorr    .         Rampage  .   (no gloves)
Will     .....                  (no boots)
Stlth    +.........             (no amulet)
HPRegen  0.05/turn              (no ring)
MPRegen  0.08/turn              (no ring)

@: no status effects
A: high mp 1, forlorn
a: no special abilities


You were on level 1 of the Dungeon.
You visited 1 branch of the dungeon, and saw 1 of its levels.

Inventory:

Hand Weapons
 a - a +0 long sword (weapon)
Missiles
 d - 3 throwing nets (quivered)
Armour
 b - a +0 leather armour (worn)
 c - a +0 helmet (worn)
Jewellery
 e - a ring of see invisible


   Skills:
 + Level 1.8 Fighting
 + Level 2.7 Long Blades
 - Level 1.7 Throwing
 + Level 0.1 Armour
 + Level 2.7 Dodging
 + Level 0.0 Spellcasting


You couldn't memorise any spells.
You didn't know any spells.
Your spell library was empty.

Dungeon Overview and Level Annotations

Branches:
Dungeon (1/15)


Innate Abilities, Weirdness & Mutations

Your attributes grow dramatically as you level up.
You have an increased reservoir of magic. (+10% MP)
You shall have no god before yourself.


Message History

You miss the quokka.
The quokka is heavily wounded.
The quokka barely misses you. x3
You hit the quokka but do no damage.
The quokka is heavily wounded.
The quokka misses you. The quokka barely misses you.
You riposte.
You completely miss the quokka.
The quokka is moderately wounded.
The quokka bites you but does no damage.
You barely miss the quokka.
The quokka is moderately wounded.
The quokka bites you.
The quokka bites you but does no damage.
The quokka barely misses you.
You riposte.
You closely miss the quokka.
The quokka is lightly wounded.
You hit the quokka.
The quokka is moderately wounded.
The quokka bites you. The quokka closely misses you. The quokka bites you.
You closely miss the quokka.
The quokka is moderately wounded.
The quokka barely misses you. The quokka bites you.
The quokka completely misses you.
You hit the quokka.
The quokka is heavily wounded.
The quokka closely misses you. The quokka bites you.
The quokka barely misses you.
You riposte.
You closely miss the quokka.
You are too injured to fight recklessly!
You are too injured to fight recklessly!
You are too injured to fight recklessly!
The quokka closely misses you.
You riposte.
You barely miss the quokka.
The quokka is heavily wounded.
You see here 11 gold pieces.
You hit the quokka.
The quokka is almost dead.
The quokka completely misses you. The quokka bites you.
* * * LOW HITPOINT WARNING * * *
You slash the quokka!
You kill the quokka!
The quokka bites you.
You die...

##.######### ♣♣♣#♣♣#
........r@.# ♣♣..♣.<♣
#......##.# ♣♣......♣
#.####)##.#####♣......#♣
#.##......♣......♣♣
...#.####....♣.♣..♣
#..#.# #.....⌠...♣
#..#†# #....♣.♣..♣
#..#.# ##♣.......♣
#..#.# ♣.......♣


You could see a quokka.

Vanquished Creatures
  A goblin (D:1)
  A quokka (D:1)
  A ball python (D:1)
3 creatures vanquished.

Notes
Turn   | Place    | Note
-------+----------+-------------------------------------------
     0 | D:1      | DasRunzen the Demigod Gladiator began the quest for the
                  | Orb.
     0 | D:1      | Reached XP level 1. HP: 17/17 MP: 3/3
    45 | D:1      | Slain by a quokka

Illustrated notes

Levels and vault maps discovered:
D:1:      amcnicky_arrival_underground_garden, layout_loops_ring

Action                   || total
-------------------------++-------
Melee: Long sword        ||    13
Armor: Leather armour    ||     2
Dodge: Dodged            ||    15
       Rpst.: Long sword ||     5

Table legend: (Time is in decaauts)
 A = Elapsed time spent in this place.
 B = Non-inter-level travel time spent in this place.
 C = Inter-level travel time spent in this place.
 D = Time resting spent in this place.
 E = Time spent auto-exploring this place.
 F = Levels seen in this place.
 G = Mean time per level.
                   A        B        C        D        E       F      G
               +--------+--------+--------+--------+--------+-----+--------+
         Total |     48 |     48 |      0 |      0 |     25 |   1 |   48.0 |
       Dungeon |     48 |     48 |      0 |      0 |     25 |   1 |   48.0 |
               +--------+--------+--------+--------+--------+-----+--------+

Top non-repeatable levels by time:
     D:1: 48 daAuts
